AoeStats
← Pugberto

Black Forest

505598754Analyzed
3v3 RM · 24d ago on Sep 10, 2026· 81m 45s· 6 players
Game mode
Random Map
Map size
Normal (6 player)
Population
200
Speed
Normal
Resources
Standard
Victory
Conquest
Starting age
Dark Age
Ending age
Imperial Age
RankedLock teamsTeams togetherTeam positionsShared explorationLock speedFull tech treeHidden civsTurbo modeCheats
Victory
Defeat
🇺🇸 Spanish · United States
872
+19
🇺🇸 Byzantines · United States
872
+19
🇺🇸 Bohemians · United States
833
+21
🇦🇷 Khmer · Argentina
958
-20
🇦🇷 Burgundians · Argentina
948
-20
🇦🇷 Lithuanians · Argentina
929
-19
gingerman710
11:09 Feudal Age
12:01 Double-Bit Axe
17:43 Castle Age
16:16 Horse Collar
18:39 Bow Saw
20:44 Heavy Plow
29:53 Imperial Age
28:08 Gold Mining
28:09 Stone Mining
28:56 Wheelbarrow
29:29 Stone Shaft Mining
30:08 Hand Cart
29:43 Fishing Lines
30:33 Scale Barding Armor
30:38 Forging
30:31 Caravan
31:39 Two-Man Saw
30:34 Gillnets
30:34 Cavalier
31:59 Fletching
32:44 Iron Casting
32:30 Chain Barding Armor
32:08 Paladin
34:38 Chemistry
34:35 Conscription
35:26 Blast Furnace
34:21 Bodkin Arrow
36:06 Plate Barding Armor
36:22 Town Watch
36:43 Husbandry
36:54 Bloodlines
50:13 Town Patrol
69:08 Capped Ram
79:05 Siege Ram
ahockeymonkey
0:38 Loom
12:55 Feudal Age
13:34 Double-Bit Axe
16:00 Wheelbarrow
17:25 Horse Collar
22:37 Castle Age
25:17 Heavy Plow
25:49 Bow Saw
28:14 Fervor
28:03 Fishing Lines
28:02 Crossbowman
30:00 Fortified Wall
30:51 Chemistry
30:45 Town Watch
31:16 Hand Cart
31:33 Caravan
32:03 Coinage
32:13 Town Patrol
37:01 Imperial Age
37:06 Capped Ram
39:05 Conscription
38:53 Wagenburg Tactics
38:35 Treadmill Crane
39:18 Arbalester
41:28 Pikeman
42:08 Squires
42:21 Halberdier
42:48 Arson
44:40 Houfnice
53:09 Bombard Tower
52:40 Guard Tower
NASDAQ
0:28 Loom
14:25 Feudal Age
15:07 Double-Bit Axe
16:38 Horse Collar
24:17 Castle Age
22:24 Stone Mining
22:58 Gold Mining
26:06 Gold Shaft Mining
26:09 Stone Shaft Mining
25:55 Bow Saw
25:56 Heavy Plow
30:34 Wheelbarrow
34:31 Imperial Age
32:21 Hand Cart
32:26 Treadmill Crane
32:58 Fortified Wall
32:52 Fletching
33:12 Forging
34:01 Scale Barding Armor
33:52 Bodkin Arrow
34:24 Ballistics
34:00 Murder Holes
35:48 Iron Casting
35:35 Chain Barding Armor
36:12 Crop Rotation
36:17 Conscription
37:23 Chemistry
38:02 Two-Man Saw
37:51 Bracer
39:37 Hoardings
39:15 Logistica
40:31 Plate Barding Armor
42:57 Husbandry
42:18 Heavy Camel Rider
44:25 Caravan
53:04 Elite Cataphract
55:37 Pikeman
56:18 Squires
56:04 Gambesons
56:30 Scale Mail Armor
57:06 Halberdier
58:22 Chain Mail Armor
61:42 Plate Mail Armor
Pugberto
0:27 Loom
12:11 Feudal Age
13:29 Horse Collar
13:39 Double-Bit Axe
17:20 Castle Age
22:20 Wheelbarrow
24:19 Heavy Plow
24:32 Bow Saw
24:16 Gold Mining
24:20 Stone Mining
25:04 Hand Cart
24:37 Town Watch
25:43 Scale Barding Armor
25:49 Forging
28:08 Iron Casting
27:54 Chain Barding Armor
29:43 Stone Shaft Mining
30:09 Fletching
32:17 Caravan
35:04 Imperial Age
33:13 Hill Forts
35:35 Squires
36:47 Conscription
35:51 Elite Leitis
36:34 Husbandry
37:17 Bloodlines
36:28 Light Cavalry
39:17 Plate Barding Armor
38:23 Winged Hussar
41:05 Chemistry
41:57 Two-Man Saw
45:21 Murder Holes
45:37 Masonry
45:48 Ballistics
48:36 Pikeman
50:30 Halberdier
50:55 Arson
52:03 Hoardings
55:07 Scale Mail Armor
55:11 Tower Shields
59:33 Architecture
Aldryx34
11:01 Feudal Age
15:32 Castle Age
14:51 Double-Bit Axe
15:02 Loom
15:38 Horse Collar
20:33 Loom
24:16 Wheelbarrow
25:19 Hand Cart
28:21 Caravan
29:34 Scale Barding Armor
29:39 Forging
29:22 Fletching
30:28 Heavy Plow
30:40 Bow Saw
33:37 Imperial Age
33:01 Tusk Swords
33:44 Elite Ballista Elephant
34:39 Double Crossbow
35:05 Conscription
36:08 Chemistry
35:28 Ballistics
36:13 Scale Mail Armor
36:51 Iron Casting
50:26 Sappers
51:43 Chain Barding Armor
51:26 Husbandry
51:43 Gold Mining
54:49 Gold Shaft Mining
NuncaMasMorocho
13:42 Feudal Age
13:13 Double-Bit Axe
13:09 Horse Collar
18:58 Castle Age
18:05 Bow Saw
18:45 Heavy Plow
24:31 Crop Rotation
25:51 Wheelbarrow
30:02 Two-Man Saw
29:31 Hand Cart
29:03 Loom
30:17 Forging
30:15 Caravan
32:13 Town Watch
32:42 Fervor
32:33 Devotion
35:10 Imperial Age
32:54 Pikeman
33:35 Squires
34:20 Iron Casting
33:51 Scale Barding Armor
34:22 Town Patrol
34:25 Treadmill Crane
35:06 Ballistics
34:42 Murder Holes
34:21 Cavalier
35:01 Husbandry
34:49 Arson
35:01 Gold Mining
35:01 Stone Mining
37:00 Blast Furnace
36:20 Chain Barding Armor
37:02 Chemistry
36:16 Fortified Wall
36:01 Murder Holes
35:59 Paladin
36:02 Light Cavalry
36:07 Halberdier
37:26 Scale Mail Armor
37:42 Burgundian Vineyards
38:45 Conscription
42:24 Gold Shaft Mining
46:50 Chain Mail Armor
47:11 Plate Barding Armor
50:46 Plate Mail Armor
57:59 Masonry
61:26 Fletching
61:36 Padded Archer Armor
65:52 Hussar
Connection lost

Rejoining the realm…

Still unreachable

The connection could not be restored.

Session expired

The server has moved on; the page needs a fresh start.